 Dungeon Crawl Stone Soup version 0.25.1-2-g60ff931df9 (webtiles) character file.

Game seed: 3027355143371373079

117131 KamiKatze the Destroyer (level 15, -2/124 HPs)
             Began as a Demigod Conjurer on Nov 10, 2020.
             Slain by a merfolk siren
             ... wielding a +0 trident
              (9 damage)
             ... on level 2 of the Shoals on Nov 13, 2020.
             The game lasted 05:02:26 (42379 turns).

KamiKatze the Destroyer (Demigod Conjurer)         Turns: 42379, Time: 05:02:34

Health: -2/124     AC: 11    Str: 11    XL:     15   Next: 75%
Magic:  18/35      EV: 18    Int: 29    God:
Gold:   446        SH: 12    Dex: 16    Spells: 1/37 levels left

rFire    + . .     SeeInvis +   l - staff of wizardry
rCold    . . .     Gourm    .   y - +2 buckler
rNeg     . . .     Faith    .   q - +2 robe {MR+}
rPois    +         Spirit   .   t - +2 helmet
rElec    .         Reflect  +   Q - +1 cloak of Twilight {+Inv rF+ MR+ Stlth-}
rCorr    .         Harm     .   n - +0 pair of gloves
MR       +++..                  g - +0 pair of boots
Stlth    ++........             j - amulet of reflection
HPRegen  0.30/turn              U - ring of see invisible
MPRegen  0.24/turn              f - ring of poison resistance

@: no status effects
A: high mp 1
a: Evoke Invisibility


You were on level 2 of the Shoals.
You were not hungry.

You visited 6 branches of the dungeon, and saw 29 of its levels.

You collected 3044 gold pieces.
You spent 2598 gold pieces at shops.

Inventory:

Missiles
 d - 657 stones
 p - 72 poisoned darts (quivered)
 s - 4 throwing nets
 L - 4 boomerangs of dispersal
Armour
 g - a +0 pair of boots (worn)
 n - a +0 pair of gloves (worn)
 q - a +2 robe of magic resistance (worn)
 t - a +2 helmet (worn)
 y - a +2 buckler (worn)
 Q - the +1 cloak of Twilight (worn) {+Inv rF+ MR+ Stlth-}
   (You bought it in a shop on level 9 of the Dungeon)

   It protects you from fire.
   It affects your resistance to hostile enchantments.
   It lets you turn invisible.
   It makes you less stealthy.
Magical Staves
 l - an uncursed staff of wizardry (weapon)
 H - an uncursed staff of fire
Jewellery
 f - a ring of poison resistance (right hand)
 i - an uncursed ring of wizardry
 j - an amulet of reflection (around neck)
 k - an uncursed ring of flight
 u - an uncursed ring of fire
 D - an uncursed ring of protection from magic
 U - a ring of see invisible (left hand)
Wands
 z - a wand of paralysis (47)
 A - a wand of iceblast (34)
 G - a wand of disintegration (13)
 O - a wand of acid (2)
 P - a wand of polymorph (12)
 V - a wand of digging (2)
 Y - a wand of flame (61)
Scrolls
 a - 2 scrolls of blinking
 b - a scroll of enchant weapon
 e - 9 scrolls of teleportation
 m - 6 scrolls of identify
 r - 4 scrolls of magic mapping
 B - 6 scrolls of fog
 J - 13 scrolls of remove curse
 K - 2 scrolls of summoning
 M - 2 scrolls of enchant armour
 N - a scroll of amnesia
 X - 2 scrolls of fear
Potions
 h - 10 potions of curing
 v - 4 potions of haste
 w - 6 potions of flight
 x - 5 potions of lignification
 C - 2 potions of resistance
 E - a potion of heal wounds
 F - a potion of mutation
 I - 3 potions of brilliance
 R - a potion of invisibility
 T - 2 potions of cancellation
 W - a potion of stabbing
 Z - 3 potions of magic
Miscellaneous
 S - a lightning rod (4/4)
Comestibles
 c - 27 rations
 o - a chunk of flesh


   Skills:
 + Level 9.3 Fighting
 - Level 9.0 Dodging
 - Level 6.0 Stealth
 - Level 4.0 Shields
 + Level 11.7 Spellcasting
 * Level 13.4 Conjurations
 - Level 7.0 Hexes
 * Level 7.8 Charms
 - Level 6.0 Translocations
 * Level 7.8 Earth Magic
 - Level 4.0 Evocations


You had one spell level left.
You knew the following spells:

 Your Spells              Type           Power        Failure   Level  Hunger
a - Magic Dart            Conj           ####         0%          1    None
b - Searing Ray           Conj           ######       0%          2    None
c - Fulminant Prism       Conj/Hex       ######....   1%          4    None
d - Iskenderun's Mystic   Conj/Tloc      ######..     1%          4    None
e - Iron Shot             Conj/Erth      ######....   2%          6    #####..
f - Iskenderun's Battles  Conj/Chrm      ######..     1%          5    ##.....
g - Orb of Destruction    Conj           #######...   4%          7    ######.
h - Blink                 Tloc           N/A          1%          2    None
i - Passwall              Tmut/Erth      #####...     1%          2    None
j - Tukima's Dance        Hex            ######..     1%          3    None

Your spell library contained the following spells:

 Spells                   Type           Power        Failure   Level  Hunger
 Corona                   Hex            ######.      1%          1    None
 Freeze                   Ice            ###.         1%          1    None
 Sandblast                Erth           ######       1%          1    None
 Call Imp                 Summ           ###.....     1%          2    None
 Corpse Rot               Necr/Air       N/A          1%          2    None
 Ensorcelled Hibernation  Hex/Ice        #####.       1%          2    None
 Slow                     Hex            ######..     1%          2    None
 Confusing Touch          Hex            ######..     1%          3    None
 Conjure Flame            Conj/Fire      ######..     1%          3    None
 Dazzling Flash           Conj/Hex       ######       1%          3    None
 Inner Flame              Hex/Fire       #####...     1%          3    None
 Mephitic Cloud           Conj/Pois/Air  #####...     1%          3    None
 Ozocubu's Armour         Chrm/Ice       #####...     1%          3    None
 Portal Projectile        Hex/Tloc       ######       1%          3    None
 Stone Arrow              Conj/Erth      ######       1%          3    None
 Cause Fear               Hex            ######....   1%          4    None
 Hailstorm                Conj/Ice       ######..     1%          4    None
 Leda's Liquefaction      Hex/Erth       ######....   1%          4    None
 Bolt of Magma            Conj/Fire/Erth ######....   1%          5    ##.....
 Lee's Rapid Deconstruct  Erth           ######....   1%          5    ##.....
 Petrify                  Tmut/Erth      #####...     2%          4    None
 Frozen Ramparts          Ice            ###...       4%          3    None
 Silence                  Hex/Air        #####.....   9%          5    ##.....
 Summon Forest            Summ/Tloc      ####......   11%         5    ##.....
 Summon Ice Beast         Ice/Summ       ###.....     12%         4    None
 Summon Lightning Spire   Summ/Air       ###.....     12%         4    None
 Conjure Ball Lightning   Conj/Air       ######....   12%         6    #####..
 Spellforged Servitor     Conj/Summ      ######....   52%         7    ######.
 Eringya's Noxious Bog    Tmut/Pois      ###.......   86%         6    #####..
 Hydra Form               Tmut           ###.......   86%         6    #####..
 Summon Hydra             Summ           ###.......   100%        7    ######.
 Tornado                  Air            ###.......   100%        9    #######


Dungeon Overview and Level Annotations

Branches:
Dungeon (15/15)            Temple (1/1) D:6            Lair (6/6) D:9
 Shoals (2/4) Lair:4        Snake (3/4) Lair:3        Slime (0/5) Lair:5
    Orc (2/2) D:10            Elf (0/3) Orc:2        Vaults (0/5) D:13
 Depths (0/5) D:15

Shops:
D:5 =   D:9 [   D:12 *   Orc:2 [*(:   Shoals:1 ?   Snake:2 [=(=

Portals:
Hell: Lair:6

Annotations:
D:11 2 transporters, bananovenc's ghost, journeyman GnSk
D:12 2 transporters, Weog's ghost, journeyman TrFi


Innate Abilities, Weirdness & Mutations

You have an increased reservoir of magic. (+10% MP)


Message History

The snapping turtle barely misses you.
The merfolk throws a silver boomerang.
The silver boomerang hits you.
* * * LOW HITPOINT WARNING * * *
x2 The weapon returns to the merfolk!
The merfolk siren chants a haunting song.
You resist with almost no effort.
The merfolk avatar chants a haunting song.
You easily resist.
The merfolk siren chants a haunting song.
You resist with almost no effort.
Unknown command.
Unknown command.
Casting: Iskenderun's Mystic Blast (safe; 1% risk of failure)
Confirm with . or Enter, or press ? or * to list all spells.
You blink.
The snapping turtle bites the plant.
The merfolk throws a boomerang.
The boomerang hits you!
* * * LOW HITPOINT WARNING * * *
The weapon returns to the merfolk!
The merfolk siren hits you from afar with a +0 trident!
You die...

..###.....#
..........#
.........##
#.>........≈≈PP≈≈≈
.##....≈....P.PP≈≈≈≈
.....≈... ......≈≈≈≈
≈...≈≈..# #....PmPP≈
≈≈≈≈≈≈≈@###.(P(.P...
≈≈≈≈≈....#..m.PmP...
≈≈≈≈≈....mP.P...m...
≈≈...(..mct.§(m).(P.
≈≈≈.....c(####.mm...
≈≈≈≈≈≈....# ...##
≈≈≈≈≈≈..### ###
≈≈≈≈≈≈..#


You could see a snapping turtle, a merfolk, 2 fauns and a merfolk siren.

Vanquished Creatures
  Frances (Shoals:1)
  2 orc warlords (Orc:1)
  An ettin (D:15)
  A merfolk impaler (Shoals:2)
  5 vault guards (D:13)
  7 naga warriors
  10 hydras
  A catoblepas (D:15)
  5 anacondas
  An ogre mage (D:15)
  7 two-headed ogres
  2 orc high priests (Orc:2)
  2 shock serpents (Snake:2)
  4 naga sharpshooters
  A sun demon (Lair:6)
  A fire crab (Lair:4)
  3 skeletal warriors (D:12)
  A salamander mystic (Snake:3)
  A deep troll (D:15)
  7 orc knights
  4 sea snakes (Shoals:1)
  A lindwurm (Lair:5)
  An unseen horror (D:14)
  3 harpies (Shoals:1)
  A naga ritualist (Snake:2)
  3 mana vipers
  2 wizards
  2 deep elf magi (D:15)
  A necromancer (D:13)
  5 fauns
  2 cyclopes
  2 ugly things
  2 merfolk sirens (Shoals:1)
  2 orc sorcerers
  6 manticores
  5 elephants
  4 salamanders
  A torpor snail (Lair:5)
  A guardian serpent (Snake:2)
  5 naga magi
  17 black mambas
  A water nymph (Shoals:1)
  Maggie (D:7)
  10 spiny frogs
  3 orange demons (Lair:6)
  A freezing wraith (D:13)
  2 ice devils (Lair:6)
  6 rime drakes
  9 komodo dragons
  A kobold demonologist (D:10)
  A tengu conjurer (D:15)
  7 trolls
  A hellwing (Lair:6)
  3 merfolk (Shoals:1)
  A meliai (shapeshifter) (D:13)
  2 wind drakes (Shoals:1)
  3 polar bears
  A hornet (Lair:5)
  2 snapping turtles
  6 slime creatures
  4 blink frogs
  9 hippogriffs
  A vampire (D:12)
  45 yaks
  3 shadows
  A water elemental (Shoals:1)
  3 wyverns
  7 humans
  2 hungry ghosts (D:10)
  10 vampire mosquitoes
  4 basilisks
  5 wargs
  24 nagas
  17 water moccasins
  3 acid dragons
  3 hell hounds (Lair:6)
  11 porcupines
  An ice beast (D:5)
  A black bear (shapeshifter) (D:15)
  A hornet zombie (D:13)
  2 sky beasts (D:5)
  6 black bears
  37 orc warriors
  2 eyes of draining
  12 ogres
  6 wolves
  6 centaurs
  4 boggarts (D:12)
  15 crocodiles
  15 big kobolds
  10 bullfrogs
  A gnoll sergeant (D:9)
  A wyvern zombie (D:14)
  A wyvern skeleton (D:13)
  A jelly (D:12)
  12 scorpions
  A hornet simulacrum (D:15)
  12 killer bees
  2 vampire bats (D:2)
  16 wights
  5 howler monkeys
  6 crimson imps
  2 hounds
  29 orc wizards
  19 orc priests
  2 bullfrog zombies
  2 bullfrog skeletons (D:9)
  4 centaur skeletons
  6 iguanas
  11 worker ants
  2 hound skeletons
  A howler monkey zombie (D:7)
  4 gnolls (D:9)
  A worker ant zombie (D:9)
  20 adders
  3 shadow imps
  An adder zombie (D:5)
  4 adder skeletons
  2 worms
  A dart slug (D:5)
  5 leopard geckos
  93 orcs
  3 bat skeletons (D:2)
  3 bat zombies (D:2)
  10 giant cockroaches
  11 goblins
  9 hobgoblins
  6 jackals (D:2)
  4 quokkas
  3 ball pythons
  5 bats
  9 frilled lizards
  49 kobolds
  A leopard gecko skeleton (D:4)
  A leopard gecko zombie (D:7)
  A quokka skeleton (D:6)
  7 rats
  A butterfly (Lair:3)
  4 fulminant prisms
  15 fungi
  4 plants
880 creatures vanquished.

Vanquished Creatures (collateral kills)
  2 fauns (Shoals:1)
  A merfolk siren (Shoals:1)
3 creatures vanquished.

Vanquished Creatures (others)
  A manticore (Shoals:1)
  A human (D:13)
  An orc warrior (Orc:2)
  A crocodile (Lair:4)
  2 bushes
  379 fulminant prisms
  19 fungi
  10 plants
  4 tentacles (Shoals:1)
418 creatures vanquished.

Grand Total: 1301 creatures vanquished

Notes
Turn   | Place    | Note
-------+----------+-------------------------------------------
     0 | D:1      | KamiKatze the Demigod Conjurer began the quest for the Orb.
     0 | D:1      | Reached XP level 1. HP: 14/14 MP: 5/5
   287 | D:1      | Reached XP level 2. HP: 22/22 MP: 5/7
   296 | D:1      | Learned a level 2 spell: Searing Ray
   908 | D:2      | Reached XP level 3. HP: 26/27 MP: 2/9
   973 | D:2      | Reached skill level 4 in Conjurations
  1430 | D:2      | Found a blossoming altar of Fedhas.
  2005 | D:2      | Found an ancient bone altar of Kikubaaqudgha.
  2018 | D:2      | Reached skill level 1 in Fighting
  2018 | D:2      | Reached XP level 4. HP: 34/35 MP: 7/11
  2024 | D:2      | Learned a level 4 spell: Fulminant Prism
  2107 | D:3      | Reached XP level 5. HP: 40/40 MP: 6/12
  2956 | D:3      | Reached skill level 1 in Hexes
  2956 | D:3      | Reached XP level 6. HP: 40/48 MP: 8/14
  3431 | D:4      | Reached skill level 5 in Conjurations
  3836 | D:4      | Reached skill level 1 in Shields
  4068 | D:5      | Entered Level 5 of the Dungeon
  4119 | D:5      | Found a bloodstained altar of Trog.
  4133 | D:5      | Reached XP level 7. HP: 55/55 MP: 12/16
  4218 | D:5      | Found Mannan's Jewellery Boutique.
  4504 | D:5      | Bought a cursed amulet of inaccuracy for 24 gold pieces
  4871 | D:5      | Reached XP level 8. HP: 61/62 MP: 8/18
  5185 | D:5      | Reached skill level 6 in Conjurations
  5353 | D:5      | Found the +7 Singing Sword {vorpal, sonic wave}
  5378 | D:5      | Learned a level 4 spell: Iskenderun's Mystic Blast
  5719 | D:5      | Reached skill level 5 in Spellcasting
  5871 | D:6      | Found a staircase to the Ecumenical Temple.
  6179 | D:6      | Found a hazy altar of Hepliaklqana.
  6235 | D:6      | Reached skill level 1 in Translocations
  6297 | Temple   | Entered the Ecumenical Temple
  6468 | D:6      | Reached XP level 9. HP: 70/70 MP: 14/20
  6842 | D:7      | Reached skill level 1 in Evocations
  7757 | D:7      | Found a shadowy altar of Dithmenos.
  7762 | D:7      | Reached skill level 5 in Hexes
  7882 | D:8      | Reached skill level 7 in Conjurations
  7891 | D:8      | Found a glowing golden altar of the Shining One.
  8101 | D:8      | Found an iron altar of Okawaru.
  8214 | D:8      | Noticed Maggie
  8515 | D:7      | Killed Maggie
  8996 | D:8      | Reached XP level 10. HP: 34/79 MP: 15/23
  9480 | D:9      | Found a staircase to the Lair.
  9830 | D:7      | Reached skill level 5 in Dodging
 10063 | D:9      | Found Rigisob's Antique Armour Emporium.
 10138 | D:9      | Bought a faintly glowing cloak for 304 gold pieces
 10145 | D:9      | Identified the +1 cloak of Twilight {+Inv rF+ MR+ Stlth-}
                  | (You bought it in a shop on level 9 of the Dungeon)
 10621 | D:9      | Reached skill level 8 in Conjurations
 10793 | D:10     | Entered Level 10 of the Dungeon
 10884 | D:10     | Noticed a two-headed ogre
 10898 | D:10     | Killed a two-headed ogre
 10910 | D:10     | Noticed a soul eater
 11220 | Lair:1   | Entered Level 1 of the Lair of Beasts
 11411 | Lair:1   | Reached XP level 11. HP: 85/85 MP: 15/25
 11459 | Lair:1   | Reached skill level 5 in Translocations
 11617 | Lair:1   | Reached skill level 5 in Fighting
 13421 | Lair:3   | Reached skill level 9 in Conjurations
 13689 | Lair:3   | Found a staircase to the Snake Pit.
 14329 | Lair:4   | Noticed a four-headed hydra
 14351 | Lair:4   | Noticed a five-headed hydra
 14402 | Lair:4   | Killed a five-headed hydra
 14419 | Lair:4   | Noticed a fire crab
 14875 | Lair:4   | Noticed an eight-headed hydra
 14884 | Lair:4   | Killed an eight-headed hydra
 14931 | Lair:4   | Found a staircase to the Shoals.
 14955 | Lair:4   | Reached XP level 12. HP: 93/95 MP: 8/28
 15239 | Lair:4   | Noticed a six-headed hydra
 15264 | Lair:4   | Killed a six-headed hydra
 15398 | Lair:4   | Killed a four-headed hydra
 15398 | Lair:4   | Reached skill level 5 in Stealth
 16025 | Lair:4   | Reached skill level 10 in Conjurations
 16385 | Lair:5   | Noticed a six-headed hydra
 16419 | Lair:4   | Killed a six-headed hydra
 16725 | Lair:5   | Noticed a six-headed hydra
 16752 | Lair:4   | Killed a six-headed hydra
 16802 | Lair:5   | Found a staircase to the Slime Pits.
 16802 | Lair:5   | Found a viscous altar of Jiyva.
 17771 | Lair:6   | Entered Level 6 of the Lair of Beasts
 17935 | Lair:6   | Noticed an eight-headed hydra
 18561 | Lair:6   | Noticed a seven-headed hydra
 18645 | Lair:5   | Killed a seven-headed hydra
 18966 | Lair:6   | Reached XP level 13. HP: 88/104 MP: 5/31
 19638 | Lair:5   | Reached skill level 11 in Conjurations
 20961 | D:10     | Found a staircase to the Orcish Mines.
 20969 | D:10     | Reached skill level 10 in Spellcasting
 21581 | Orc:1    | Entered Level 1 of the Orcish Mines
 22235 | Orc:2    | Entered Level 2 of the Orcish Mines
 22235 | Orc:2    | Found Deefy's General Store.
 22434 | Orc:2    | Found Imebup's Antique Armour Boutique.
 22580 | Orc:2    | Noticed an orc warlord
 22735 | Orc:1    | Killed an orc warlord
 23162 | Orc:2    | Noticed an orc warlord
 23714 | Orc:1    | Killed an orc warlord
 24402 | Orc:2    | Bought a sheer robe for 131 gold pieces
 24424 | Orc:1    | Identified the +1 robe "Vykkipu" {rC+} (You bought it in a
                  | shop on level 2 of the Orcish Mines)
 24765 | Orc:2    | Found a staircase to the Elven Halls.
 25005 | Orc:2    | Found Vuohin's Antique Weapon Shoppe.
 25101 | Orc:1    | Reached skill level 12 in Conjurations
 25155 | Orc:2    | Found Duacil's Book Shoppe.
 25557 | Orc:2    | Bought a book of Power for 495 gold pieces
 25565 | Orc:2    | Learned a level 6 spell: Iron Shot
 25571 | Orc:2    | Learned a level 5 spell: Iskenderun's Battlesphere
 25579 | Orc:2    | Learned a level 7 spell: Orb of Destruction
 25580 | Orc:2    | Bought a book of Minor Magic for 220 gold pieces
 25583 | Orc:2    | Learned a level 2 spell: Blink
 25661 | D:11     | Found a transporter.
 25676 | D:11     | Found a transporter.
 25697 | D:11     | Noticed bananovenc's ghost (journeyman GnSk)
 26802 | D:12     | Reached skill level 1 in Charms
 26822 | D:12     | Reached skill level 1 in Earth Magic
 26923 | D:12     | Found Mauj's General Store.
 26975 | D:12     | Found a transporter.
 26975 | D:12     | Noticed Weog's ghost (journeyman TrFi)
 26977 | D:12     | Identified the +9 great mace of Putrescence {vorpal, rN+
                  | Str+4 Int+3}
 26977 | D:12     | Identified the +9 dire flail "Amoqasi" {vorpal, rC+ SInv}
 26980 | D:12     | Found a transporter.
 27051 | D:12     | Reached XP level 14. HP: 115/115 MP: 25/33
 27384 | D:12     | Bought a scroll of blinking for 90 gold pieces
 28285 | D:13     | Found a flagged portal.
 29937 | Orc:2    | Bought a +2 helmet for 264 gold pieces
 30028 | D:9      | Bought a runed buckler for 240 gold pieces
 30534 | D:13     | Found a gate to the Vaults.
 31896 | D:15     | Entered Level 15 of the Dungeon
 32346 | D:15     | Learned a level 2 spell: Passwall
 32830 | D:15     | Found a staircase to the Depths.
 32874 | D:15     | Reached skill level 5 in Charms
 33051 | D:15     | Found a glowing golden altar of the Shining One.
 33097 | D:15     | Reached skill level 5 in Earth Magic
 34036 | Lair:6   | Found a burning altar of Makhleb.
 34042 | Lair:6   | Found a gateway to Hell.
 34289 | Snake:1  | Entered Level 1 of the Snake Pit
 34657 | Snake:1  | Reached XP level 15. HP: 120/123 MP: 24/35
 36639 | Snake:1  | Reached skill level 13 in Conjurations
 37567 | Snake:2  | Found Qiufup's Jewellery Shop.
 37859 | Snake:2  | Found Nafrekur's Antique Armour Shop.
 37860 | Snake:2  | Found Yteuc's Weapon Boutique.
 37863 | Snake:2  | Found Fuwneir's Jewellery Boutique.
 39436 | Snake:2  | Bought an uncursed ring of see invisible for 195 gold
                  | pieces
 39633 | D:5      | Bought an uncursed amulet of reflection for 360 gold pieces
 39815 | Shoals:1 | Entered Level 1 of the Shoals
 40147 | Orc:2    | Bought a book of Maledictions for 275 gold pieces
 40152 | Orc:2    | Learned a level 3 spell: Tukima's Dance
 41280 | Shoals:1 | Noticed Frances
 41286 | Shoals:1 | Killed Frances
 41463 | Shoals:1 | Found Jyjeifa's Magic Scroll Emporium.
 41669 | Shoals:1 | Noticed a kraken
 42379 | Shoals:2 | Slain by a merfolk siren

Illustrated notes

Levels and vault maps discovered:
D:1:      dpeg_chamrin_arrival_tetris, layout_basic, minmay_misc_feat_cross,
          minmay_misc_feat_five, minmay_liquid_box
D:2:      layout_loops_ring, kennysheep_vampire_church, first_ration,
          fedhas_altar_4
D:3:      layout_basic
D:4:      layout_gridville, minmay_misc_feat_hallway
D:5:      old_forge, layout_cave_pools, lemuel_crystal_altar, serial_shops,
          nicolae_shop_statue_plus
D:6:      layout_cave_pools, old_standard_altar, minmay_temple_entry_grid,
          grunt_ministairs_2, ebering_dispersal_statue_hall
D:7:      layout_loops_ring, grunt_dithmenos_smoke
D:8:      layout_loops_cross, kennysheep_mini_moat, old_standard_altar,
          uniq_maggie
D:9:      layout_rooms, lair_entry_dummy, serial_shops,
          nicolae_shop_window_shopping, corexii_hall_statues_l
D:10:     layout_gridville, erik_orc_4, special_room [special_room_kobold]
D:11:     layout_big_octagon, gammafunk_ghost_berserking_beasts
D:12:     layout_irregular_city, gammafunk_ghost_smash, serial_shops,
          nicolae_shop_statue_plus
D:13:     minmay_curly_fans, layout_gridville, ximxim_vaults_locker_room,
          enter_bailey_8
D:14:     layout_gridville, minivault_24
D:15:     hangedman_depths_entry_civil_slaughter, layout_cave_pods,
          nicolae_tso_swordbearing_angel
Temple:   eino_temple_rhombus
Lair:1:   layout_loops_ring
Lair:2:   layout_cave_pods, chequers_serial_rivers_room_b, grunt_megastairs_3,
          serial_bayou_shore_b
Lair:3:   layout_chaotic_city, minmay_snake_entry_guardpost_small,
          lemuel_fruit_fields
Lair:4:   layout_regular_city, minmay_shoals_entry_beasts
Lair:5:   layout_long_grid, slime_altar_1, nzn_random_ring
Lair:6:   evil_forest, layout_cave_pods
Shoals:1: layout_shoals, serial_shops, nicolae_shop_stone, uniq_frances
Shoals:2: layout_shoals, nicolae_shoals_water_shrine
Snake:1:  minmay_snake_river, layout_grid_maze, nicolae_large_snake_swirl
Snake:2:  layout_onion, st_stairs_7, minmay_shoptagon, lemuel_fruit_tree
Snake:3:  layout_rooms, serial_curves, eino_curves_02, eino_curves_02,
          eino_curves_01, eino_curves_04
Orc:1:    layout_caves
Orc:2:    grunt_orc_gardens, layout_caves, grunt_orc_garden, grunt_orc_garden,
          grunt_orc_garden, grunt_orc_garden

Skill      XL: |  1  2  3  4  5  6  7  8  9 10 11 12 13 14 15 |
---------------+----------------------------------------------+-----
Spellcasting   | 2 3 4 5 6 7 8 9 10 11 | 11.7
Dodging        | 2 3 4 5 6 7 8 9 |  9.0
Stealth        | 2 3 4 5 6 |  6.0
Conjurations   | 4 5 6 7 8 9 10 12 13 | 13.4
Fighting       | 1 2 3 4 5 6 8 9 |  9.3
Hexes          | 1 2 3 4 5 6 7 |  7.0
Shields        | 1 2 3 4 |  4.0
Translocations | 1 3 4 5 6 |  6.0
Evocations     | 2 3 4 |  4.0
Charms         | 1 5 7 |  7.8
Earth Magic    | 1 5 7 |  7.8

Action                   |  1- 3 |  4- 6 |  7- 9 | 10-12 | 13-15 || total
-------------------------+-------+-------+-------+-------+-------++-------
Melee: Unarmed           |     1 |       |       |       |       ||     1
       Short sword       |    78 |    54 |    38 |       |       ||   170
       Staff             |       |       |    11 |    11 |    40 ||    62
 Cast: Magic Dart        |    57 |    78 |   167 |   144 |   580 ||  1026
       Searing Ray       |     5 |    20 |    79 |   134 |   127 ||   365
       Fulminant Prism   |       |       |     7 |   104 |   272 ||   383
       Iskenderun's Myst |       |       |     1 |    63 |   173 ||   237
       Iskenderun's Batt |       |       |       |       |    73 ||    73
       Iron Shot         |       |       |       |       |    12 ||    12
       Tukima's Dance    |       |       |       |       |    11 ||    11
       Blink             |       |       |       |       |     2 ||     2
       Orb of Destructio |       |       |       |       |     1 ||     1
 Abil: Evoke Invisibilit |       |       |       |       |     1 ||     1
Evoke: Wand              |       |       |     7 |       |    12 ||    19
       Lightning rod     |       |       |       |       |     3 ||     3
  Use: Scroll            |     3 |     6 |     1 |    13 |    12 ||    35
       Potion            |       |       |       |       |     4 ||     4
  Eat: Chunk             |     3 |     5 |    16 |    28 |    51 ||   103
       Ration            |     1 |       |       |     2 |     9 ||    12
Armor: Ring mail         |    69 |    29 |    63 |    95 |   127 ||   383
       Robe              |       |       |       |       |     9 ||     9
       Skin              |       |       |       |       |     3 ||     3
Dodge: Dodged            |   100 |    36 |    92 |   191 |   318 ||   737
Block: Buckler           |       |    21 |    40 |    91 |   204 ||   356
       Reflection        |       |       |       |       |    22 ||    22
